 Dungeon Crawl Stone Soup version 0.21.0-3-g78d12a8 (console) character file.

1818 hilaritas the Chiller (level 8, 0/46 HPs)
             Began as a Deep Elf Ice Elementalist on Jan 13, 2018.
             Was a Follower of Vehumet.
             Slain by Joseph
             ... wielding a +0 quarterstaff
              (13 damage)
             ... on level 7 of the Dungeon.
             The game lasted 00:20:29 (7999 turns).

hilaritas the Chiller (Deep Elf Ice Elementalist)   Turns: 7999, Time: 00:20:30

Health: 0/46       AC: 13    Str:  5    XL:     8   Next: 85%
Magic:  15/19      EV: 17    Int: 23    God:    Vehumet [*.....]
Gold:   300        SH:  3    Dex: 20    Spells: 3/19 levels left

rFire    . . .     SeeInvis .   p - +1 dagger (venom)
rCold    . . .     Gourm    .   (no shield)
rNeg     . . .     Faith    .   a - +1 robe
rPois    .         Spirit   .   i - +0 helmet
rElec    .         Reflect  +   s - +0 cloak
rCorr    .         Harm     .   (no gloves)
MR       .....                  (no boots)
Stlth    ++........             b - +3 amulet of reflection
HPRegen  0.15/turn              n - +5 ring of dexterity
MPRegen  0.16/turn              C - +1 ring of protection

@: icy armour, slow
A: no striking features
a: Renounce Religion


You were on level 7 of the Dungeon.
You worshipped Vehumet.
Vehumet was aware of your devotion.
You were not hungry.

You visited 2 branches of the dungeon, and saw 8 of its levels.

You collected 335 gold pieces.
You spent 35 gold pieces at shops.

Inventory:

Hand Weapons
 p - a +1 dagger of venom (weapon)
 x - a +0 dagger of speed
Missiles
 f - 85 arrows
 g - 317 stones (quivered)
Armour
 a - a +1 robe (worn)
 i - a +0 helmet (worn)
 s - a +0 cloak (worn)
 u - a +0 large shield
Jewellery
 b - a +3 amulet of reflection (around neck)
 n - a +5 ring of dexterity (left hand)
 r - an uncursed ring of protection from cold
 C - a +1 ring of protection (right hand)
Wands
 t - a wand of digging (11)
 y - a wand of flame (54)
 z - a wand of random effects (31)
 B - a wand of paralysis (15)
 E - a wand of disintegration (14)
Scrolls
 d - a scroll of enchant armour
 e - 5 scrolls of identify
 h - a scroll of magic mapping
 j - a scroll of teleportation
 q - 7 scrolls of remove curse
Potions
 k - 2 potions of heal wounds
 l - 4 potions of curing
 m - 2 potions of haste
 o - a potion of ambrosia
 v - a potion of agility
 A - 2 potions of might
Books
 w - a book of Minor Magic

   Spells                             Type                      Level
   a - Magic Dart                     Conjuration                  1
   b - Blink                          Translocation                2
   c - Call Imp                       Summoning                    2
   d - Slow                           Hexes                        2
   e - Conjure Flame                  Conjuration/Fire             3
   f - Mephitic Cloud                 Conjuration/Poison/Air       3
Comestibles
 c - 9 rations


   Skills:
 * Level 3.5 Fighting
 * Level 7.0 Dodging
 - Level 2.4 Stealth
 - Level 6.1 Spellcasting
 * Level 4.5 Conjurations
 - Level 1.2 Charms
 - Level 1.0 Summonings
 * Level 7.9 Ice Magic


You had 3 spell levels left.
You knew the following spells:

 Your Spells              Type           Power        Failure   Level  Hunger
a - Freeze                Ice            ####         1%          1    None
b - Throw Frost           Conj/Ice       #####.       1%          2    None
c - Ozocubu's Armour      Chrm/Ice       ####....     3%          3    #......
d - Throw Icicle          Conj/Ice       #####...     6%          4    ###....
e - Summon Ice Beast      Ice/Summ       ####....     13%         4    ###....
f - Blink                 Tloc           N/A          13%         2    None


Dungeon Overview and Level Annotations

Branches:
Dungeon (7/15)             Temple (1/1) D:4

Altars:
Cheibriados
Dithmenos
Elyvilon
Gozag
Kikubaaqudgha
Makhleb
Nemelex Xobeh
Ru
Sif Muna
Trog
Vehumet
Wu Jian
Xom
Yredelemnul
Zin
The Shining One

Shops:
D:5 ?

Annotations:
D:7 Joseph


Message History

All of the chunks of flesh in your inventory have rotted away.
Joseph drinks a potion.
Joseph suddenly seems more resistant.
Joseph unwields an uncursed quarterstaff.
Joseph wields a hunting sling.
Joseph shoots a sling bullet.
The sling bullet hits you!
You see here a sling bullet.
Casting: Ozocubu's Armour
Confirm with . or Enter, or press ? or * to list all spells.
Aiming: Throw Frost
Press: ? - help, Shift-Dir - straight line, f - Joseph
Aim: Joseph, wielding a hunting sling and wearing a glowing leather armour (unusually resistant)
The puff of frost misses Joseph.
Joseph zaps a wand.
You struggle to resist.
It is a wand of disintegration (9).
Joseph zaps a wand.
You are blasted!
Joseph shoots a sling bullet.
The sling bullet closely misses you.
Joseph zaps a wand.
You are blasted!
Joseph unwields an uncursed hunting sling.
Joseph wields an uncursed quarterstaff.
Joseph hits you with an uncursed quarterstaff!
You die...

#......#.#
#......#.#
#......#.#
#......#.#
###......#.#
#.(........#
###(##########
#......#
#......#
#......##
#@......#
#@......#
#.......#
#.......#
#......##
#......#
#......#
###.###.


You could see Joseph.

Vanquished Creatures
  Prince Ribbit (D:7)
  Sigmund (D:2)
  A water moccasin (D:5)
  A necrophage (D:5)
  2 ogres
  A centaur (D:7)
  A bullfrog (D:6)
  A gnoll sergeant (D:7)
  A scorpion (D:7)
  A howler monkey (D:6)
  A crimson imp (D:5)
  A bullfrog zombie (D:5)
  A quasit (D:4)
  A bullfrog skeleton (D:5)
  3 hounds
  4 orc wizards
  A centaur skeleton (D:7)
  An iguana (D:5)
  9 worker ants
  A worker ant zombie (D:5)
  Robin (D:2)
  3 gnolls (D:7)
  4 adders
  3 oozes
  4 worms
  4 leopard geckos
  10 orcs
  8 bats
  5 giant cockroaches
  15 goblins
  12 hobgoblins
  12 jackals
  8 kobolds
  2 quokkas
  3 ball pythons
  3 frilled lizards
  6 rats
137 creatures vanquished.

Notes
Turn   | Place    | Note
-------+----------+-------------------------------------------
     0 | D:1      | hilaritas the Deep Elf Ice Elementalist began the quest for the Orb.
     0 | D:1      | Reached XP level 1. HP: 10/10 MP: 6/6
   306 | D:1      | Reached XP level 2. HP: 15/15 MP: 6/8
   316 | D:1      | Learned a level 2 spell: Throw Frost
  1019 | D:2      | Noticed Robin
  1047 | D:2      | Killed Robin
  1047 | D:2      | Reached XP level 3. HP: 13/20 MP: 0/9
  1362 | D:2      | Learned a level 3 spell: Ozocubu's Armour
  1532 | D:2      | Reached skill level 1 in Fighting
  1589 | D:2      | Found an ancient bone altar of Kikubaaqudgha.
  1625 | D:2      | Reached XP level 4. HP: 25/25 MP: 8/10
  1650 | D:2      | Noticed Sigmund
  1670 | D:2      | Killed Sigmund
  1670 | D:2      | Reached skill level 5 in Ice Magic
  1670 | D:2      | Reached XP level 5. HP: 23/29 MP: 3/11
  1884 | D:2      | Found a sacrificial altar of Ru.
  1888 | D:2      | Found a transporter.
  2035 | D:2      | Found a transporter.
  2535 | D:2      | Reached skill level 1 in Charms
  2535 | D:2      | Reached XP level 6. HP: 32/35 MP: 5/12
  2566 | D:2      | Got a shimmering scale mail
  2687 | D:3      | Learned a level 4 spell: Throw Icicle
  3486 | D:3      | Found a shimmering altar of Xom.
  3737 | D:4      | Learned a level 4 spell: Summon Ice Beast
  3856 | D:4      | Reached skill level 5 in Spellcasting
  3856 | D:4      | Reached XP level 7. HP: 38/40 MP: 8/16
  3868 | D:4      | Reached skill level 5 in Dodging
  3971 | D:4      | Learned a level 2 spell: Blink
  4054 | D:4      | Found a staircase to the Ecumenical Temple.
  4063 | Temple   | Entered the Ecumenical Temple
  4102 | Temple   | Became a worshipper of Vehumet
  4703 | D:5      | Entered Level 5 of the Dungeon
  4722 | D:5      | Reached skill level 1 in Summonings
  5146 | D:5      | Found Coohojeu's Magic Scroll Boutique.
  5340 | D:5      | Bought a scroll of magic mapping for 35 gold pieces
  5463 | D:5      | Reached XP level 8. HP: 45/45 MP: 8/19
  6013 | D:5      | Found a snail-covered altar of Cheibriados.
  6025 | D:5      | Reached * piety under Vehumet
  6025 | D:5      | Offered knowledge of Flame Tongue by Vehumet.
  6261 | D:6      | Found a shadowy altar of Dithmenos.
  7711 | D:7      | Noticed Prince Ribbit
  7757 | D:7      | Killed Prince Ribbit
  7987 | D:7      | Noticed Joseph
  7999 | D:7      | Slain by Joseph

Skill      XL: |  1  2  3  4  5  6  7  8 |
---------------+-------------------------+-----
Ice Magic      | 4 5 6 7 |  7.9
Fighting       | 1 2 3 |  3.5
Dodging        | 3 4 6 7 |  7.0
Conjurations   | 2 3 4 |  4.5
Charms         | 1 |  1.2
Spellcasting   | 5 6 |  6.1
Summonings     | 1 |  1.0
Stealth        | |  2.4

Action                   |  1- 3 |  4- 6 |  7- 9 || total
-------------------------+-------+-------+-------++-------
Melee: Short sword       |    42 |     9 |       ||    51
       Dagger            |       |    16 |    76 ||    92
 Cast: Freeze            |    49 |    69 |    97 ||   215
       Throw Frost       |     2 |    20 |    45 ||    67
       Ozocubu's Armour  |       |     3 |     6 ||     9
       Throw Icicle      |       |       |     9 ||     9
  Use: Scroll            |     4 |     8 |     3 ||    15
       Potion            |     2 |       |       ||     2
  Eat: Chunk             |     2 |     8 |    10 ||    20
       Ration            |       |       |     1 ||     1
Armor: Robe              |     7 |    40 |    19 ||    66
       Skin              |    45 |       |       ||    45
Dodge: Dodged            |    32 |   102 |   100 ||   234
Block: Other             |       |       |     1 ||     1
